 Dungeon Crawl Stone Soup version 0.22-a0-348-gd16d139 (webtiles) character file.

55 4thArraOfDagon the Firebug (level 3, -5/26 HPs)
             Began as a Demigod Fire Elementalist on Apr 7, 2018.
             Killed from afar by Natasha (8 damage)
             ... with a magic dart
             ... on level 2 of the Dungeon.
             The game lasted 00:02:43 (443 turns).

4thArraOfDagon the Firebug (DgFE)                    Turns: 443, Time: 00:02:44

Health: -5/26      AC:  0    Str: 11    XL:     3   Next: 45%
Magic:  8/8        EV: 19    Int: 21    God:
Gold:   25         SH:  0    Dex: 21    Spells: 2/6 levels left

rFire    . . .     SeeInvis .   (weapon currently unavailable)
rCold    . . .     Gourm    .   (shield currently unavailable)
rNeg     . . .     Faith    .   (armour currently unavailable)
rPois    .         Spirit   .   (helmet currently unavailable)
rElec    .         Reflect  .   (cloak currently unavailable)
rCorr    .         Harm     .   (gloves currently unavailable)
MR       .....                  (boots currently unavailable)
Stlth    ++........             (no amulet)
HPRegen  0.08/turn              (ring currently unavailable)
MPRegen  0.11/turn              (ring currently unavailable)

@: bat-form (expiring), flying, slowed, quick
A: tiny, high mp 1
a: no special abilities


You were on level 2 of the Dungeon.
You were not hungry.
You were in bat-form.
You visited 1 branch of the dungeon, and saw 2 of its levels.

You collected 25 gold pieces.

Inventory:

Hand Weapons
 b - a +1 dagger of venom (melded)
Armour
 a - a +0 robe (melded)
 e - a +0 pair of boots (melded)
Scrolls
 d - 5 scrolls of identify {unknown}
 f - a scroll of blinking {unknown}
Comestibles
 c - 4 rations


   Skills:
 - Level 1.7 Dodging
 - Level 1.7 Stealth
 + Level 2.2 Spellcasting
 * Level 2.1 Conjurations
 * Level 3.4 Fire Magic


You had 2 spell levels left.
You knew the following spells:

 Your Spells              Type           Power        Failure   Level  Hunger
a - Flame Tongue          Conj/Fire      ##...        4%          1    #......
b - Conjure Flame         Conj/Fire      ##......     14%         3    ###....


Dungeon Overview and Level Annotations

Branches:
Dungeon (2/15)

Annotations:
D:2 Natasha


Innate Abilities, Weirdness & Mutations

You have an increased reservoir of magic. (+10% MP)


Message History

Natasha stares at you and mumbles some strange words.
The magic dart hits you!
* * * LOW HITPOINT WARNING * * *
Unknown command.
Unknown command.
Your transformation is almost over.
Unknown command.
Unknown command.
Unknown command.
Unknown command.
Unknown command.
Unknown command.
Unknown command.
The crimson imp disappears in a puff of smoke!
You see here an adder corpse.
Unknown command.
Unknown command.
Natasha stares at you and mumbles some strange words.
The magic dart hits you!
You die...

....................#
###....#.##.........# #
#....#.##.........#.#
#....#.##.........#.#
#....#.##...........#
###......##.........###
#.......###..........###
#.###.#.# #..............
......#.###....gb....####
.....##........†##..##
..##.##5####§##h##.##
.........# #.##.##.#
.##5####.# #.......#
.....h# .# ####.####
.##.#5# .# ##.# .##g#.#
.# #..# .#... . .# #.##


You could see Natasha and a goblin.

Vanquished Creatures
  A gnoll (D:1)
  An adder (D:2)
  An ooze (D:2)
  2 dart slugs
  2 leopard geckos (D:1)
  3 bats (D:1)
  A giant cockroach (D:2)
  8 goblins (D:1)
  A hobgoblin (D:1)
  A frilled lizard (D:1)
  2 kobolds (D:1)
  2 rats (D:1)
25 creatures vanquished.

Notes
Turn   | Place    | Note
-------+----------+-------------------------------------------
     0 | D:1      | 4thArraOfDagon the Demigod Fire Elementalist began the quest for the Orb.
     0 | D:1      | Reached XP level 1. HP: 14/14 MP: 5/5
    18 | D:1      | Reached skill level 1 in Conjurations
    76 | D:1      | Reached skill level 3 in Fire Magic
    76 | D:1      | Reached XP level 2. HP: 13/20 MP: 4/7
   252 | D:1      | Reached XP level 3. HP: 23/26 MP: 1/8
   391 | D:2      | Learned a level 3 spell: Conjure Flame
   410 | D:2      | Noticed Natasha
   443 | D:2      | Killed from afar by Natasha

Vault maps used:
D:1:      minmay_arrival_shoal_huts
D:2:      uniq_natasha

Skill      XL: |  1  2  3 |
---------------+----------+-----
Conjurations   | 1 2 |  2.1
Fire Magic     | 3 |  3.4
Spellcasting   | 2 |  2.2
Dodging        | |  1.7
Stealth        | |  1.7

Action                   || total
-------------------------++-------
Melee: Dagger            ||    20
       Unarmed           ||     7
 Cast: Flame Tongue      ||    29
 Stab: Sleeping          ||     1
Armor: Robe              ||     2
Dodge: Dodged            ||    22

Table legend:
 A = Spawn XP
 B = Non-spawn XP
 C = Spawn XP percentage of total XP
 D = Spawn monster count
 E = Non-spawn monster count
 F = Spawn count percentage of total count
 G = Total turns spent on level
                    A         B        C        D         E        F      G
               +---------+---------+-------+---------+---------+-------+---------
         Total |       0 |      79 |   0.0 |       0 |      25 |   0.0 |   443
               +---------+---------+-------+---------+---------+-------+---------
           D:1 |       0 |      52 |   0.0 |       0 |      21 |   0.0 |   317
           D:2 |       0 |      27 |   0.0 |       0 |       4 |   0.0 |   126
               +---------+---------+-------+---------+---------+-------+---------
